Thunder vs Saguenéens
(R1)
Created - 5 octobre 2014 at 21:46
Goals
|
Thunder |
0 |
3 |
1 |
0 |
0 |
4 |
Saguenéens |
1 |
1 |
2 |
0 |
1 |
5 |
|
Shots
|
Thunder |
7 |
15 |
13 |
3 |
3 |
38 |
Saguenéens |
10 |
10 |
13 |
0 |
2 |
33 |
|
1st period
1. Saguenéens , Rhett Rakhshani 2 (Bryan Bickell) at 3:55
Penalties :
Rhett Rakhshani (Chi) for Holding (Minor) at 6:50, Derek Peltier (TRO) for Tripping (Minor) at 17:41
2nd period
2. Thunder , Matt D'Agostini 1 (Brandon Mashinter, David Fischer) at 9:08
3. Thunder , Dany Roussin 5 (Samuel Pahlsson, Jeff Finger) at 14:53
4. Saguenéens , Marcus Johansson 2 (David Moss) at 17:13 (PP)
5. Thunder , Pierre-Alexandre Parenteau 4 (Scott Parse) at 17:47
Penalties :
Rhett Rakhshani (Chi) for Boarding (Minor) at 2:55, Dany Roussin (TRO) for Tripping (Minor) at 6:15, Adam Hall (TRO) for Tripping (Minor) at 10:49, Tom Pyatt (TRO) for High sticking (Minor) at 17:04, Derek Peltier (TRO) for Holding (Minor) at 19:58
3rd period
6. Saguenéens , Evgeny Dadonov 3 (Ian Cole, Tyler Kennedy) at 4:35 (PP)
7. Saguenéens , Tyler Kennedy 6 (Kyle Brodziak, Evgeny Dadonov) at 6:49 (PP)
8. Thunder , Matt D'Agostini 2 (Jeff Finger) at 7:39
Penalties :
Scott Parse (TRO) for Tripping (Minor) at 3:03, Tom Pyatt (TRO) for High sticking (Minor) at 6:33, Brian Flynn (Chi) for Roughing (Minor) at 8:28, Samuel Pahlsson (TRO) for Interference (Minor) at 11:56
Overtime #1
No Goal
Penalties :
Marcus Johansson (Chi) for Holding (Minor) at 2:38
Shootout
Penalty Shot by Samuel Pahlsson for Thunder - Stopped by Harru Sateri
Penalty Shot by Evgeny Dadonov for Saguenéens - Goal!
Penalty Shot by Adam Hall for Thunder - Stopped by Harru Sateri
Penalty Shot by David Moss for Saguenéens - Stopped by Ben Bishop
Penalty Shot by Dany Roussin for Thunder - Stopped by Harru Sateri
Penalties :
No Penalty
Goalie Stats
Ben Bishop (TRO), 29 saves from 33 shots - (0,879), OTL, 2-1-1, 65:00 minutes
Harru Sateri (Chi), 34 saves from 38 shots - (0,895), W, 2-1-0, 65:00 minutes
Players Stats for Thunder
Player Name G A P +/- PIM S H SB GA TA FO MP PP MP PK MP
------------------------------------------------------------------------------------
Adam Hall 0 0 0 1 2 4 1 1 0 1 2/2 24:46 2:50 5:57
Brandon Mashinter 0 1 1 2 0 0 0 0 0 1 5/11 13:37 0:00 3:50
Brett Festerling 0 0 0 0 0 0 0 0 0 0 0/0 10:41 0:00 1:20
Casey Pierro-Zabotel 0 0 0 2 0 0 0 0 0 0 0/0 9:11 0:00 0:00
Dany Roussin 1 0 1 1 2 3 1 1 0 0 4/6 21:19 2:50 3:43
Daultan Leveillé 0 0 0 -1 0 0 2 0 0 0 0/1 6:57 0:00 0:00
David Fischer 0 1 1 1 0 0 0 0 0 0 0/0 5:33 0:00 0:40
Derek Peltier 0 0 0 2 4 0 1 2 0 1 0/0 18:02 2:25 2:54
Doug Janik 0 0 0 0 0 6 1 1 0 1 0/0 31:08 3:32 6:58
Jannik Hansen 0 0 0 0 0 0 0 0 0 0 0/0 0:42 0:24 0:00
Jeff Finger 0 2 2 2 0 4 2 1 0 0 0/0 20:38 2:25 4:54
Jesse Blacker 0 0 0 0 0 0 0 0 0 0 0/0 0:00 0:00 0:00
Joey Ryan 0 0 0 0 0 0 2 0 0 1 0/0 9:21 0:00 0:00
Jon Kalinski 0 0 0 -1 0 0 0 0 0 0 0/0 6:57 0:00 0:00
Kelly Zajac 0 0 0 0 0 0 0 0 0 0 0/0 0:00 0:00 0:00
Kevin Montgomery 0 0 0 1 0 0 0 0 0 0 0/0 3:53 0:00 0:00
Matt D'Agostini 2 0 2 2 0 7 1 0 0 1 0/0 10:52 0:24 0:00
Pierre-Alexandre Parente 1 0 1 1 0 2 2 0 1 0 0/0 14:34 2:43 0:00
Robin Leblanc 0 0 0 -1 0 3 3 0 0 0 0/0 8:38 0:24 0:00
Samuel Pahlsson 0 1 1 1 2 3 0 0 0 1 20/40 24:49 2:50 5:45
Scott Parse 0 1 1 1 2 2 1 0 1 0 0/0 18:43 2:43 2:40
Taylor Doherty 0 0 0 0 0 0 0 0 0 0 0/0 0:00 0:00 0:00
Tim Gleason 0 0 0 0 0 1 3 3 0 0 0/0 31:08 3:32 6:58
Tom Pyatt 0 0 0 1 4 3 2 1 0 0 6/18 16:31 2:43 1:49
Players Stats for Saguenéens
Player Name G A P +/- PIM S H SB GA TA FO MP PP MP PK MP
------------------------------------------------------------------------------------
Brandon Burlon 0 0 0 -2 0 2 0 1 0 0 0/0 14:44 0:00 0:34
Brian Flynn 0 0 0 -2 2 0 0 1 1 0 4/7 10:08 0:00 0:00
Bryan Bickell 0 1 1 1 0 0 2 0 1 0 0/1 9:23 0:05 0:21
David Laliberté 0 0 0 -2 0 3 1 0 1 0 0/0 9:37 0:02 0:00
David Moss 0 1 1 -1 0 1 1 0 0 0 1/2 18:49 5:13 3:24
Derek Morris 0 0 0 -2 0 2 2 3 1 0 0/0 27:24 5:46 3:35
Eric Tangradi 0 0 0 -2 0 0 1 1 0 0 0/0 9:53 0:08 0:00
Evgeny Dadonov 1 1 2 -1 0 4 2 2 0 0 1/2 21:17 6:34 0:00
Ian Cole 0 1 1 0 0 0 1 0 0 0 0/0 17:58 6:06 0:00
Joffrey Lupul 0 0 0 -1 0 2 1 0 0 0 1/1 16:04 5:13 0:21
Kevin Marshall 0 0 0 -1 0 1 3 1 1 1 0/0 28:27 6:06 3:35
Kris Russell 0 0 0 -1 0 1 1 3 0 0 0/0 28:22 5:46 3:47
Kyle Brodziak 0 1 1 -1 0 5 1 0 0 0 22/38 25:59 6:34 4:11
Marcus Johansson 1 0 1 -1 2 1 0 1 0 0 8/19 17:06 5:13 0:00
Mike Sauer 0 0 0 0 0 0 1 2 1 1 0/0 13:05 0:00 4:21
Petteri Wirtanen 0 0 0 1 0 0 0 1 1 0 4/8 10:29 0:00 2:25
Rhett Rakhshani 1 0 1 1 4 2 0 0 0 0 0/0 8:31 0:00 0:00
Tyler Kennedy 1 1 2 -1 0 9 3 0 0 0 0/0 24:44 6:34 3:11
3 Stars
1 - Matt D'Agostini (TRO)
2 - Jeff Finger (TRO)
3 - Tyler Kennedy (Chi)
Power Play
Thunder - 0 on 4 Attempt(s) - 0,00%
Saguenéens - 3 on 8 Attempt(s) - 37,50%
Penalty Kill
Thunder - 5 on 8 Attempt(s) - 62,50%
- Score 0 goal in Penalty Kill
Saguenéens - 4 on 4 Attempt(s) - 100,00%
- Score 0 goal in Penalty Kill
Official
Referees : Hebert Ghislain and O'Halloran Dan
Linesman : Ryan Galloway and Steve Barton
Game Notes
No Game Note
Finance
Level 1 -- Attendance: 1539 (76,95%) -- Ticket Income 61 560 $
Level 2 -- Attendance: 728 (72,80%) -- Ticket Income 14 560 $
Total Attendance: 2267 (75,57%)
Total Ticket Income: 76 120 $
Other Income: 3 806 $
Total Income: 79 926 $
Thunder
5 vs 5 Forward
Center Left Wing Right Wing Time % Phy DF OF
1 Samuel Pahlsson Dany Roussin Adam Hall 40 1 2 2
2 Tom Pyatt Scott Parse Pierre-Alexandre Parentea30 1 2 2
3 Brandon Mashinter Casey Pierro-Zabotel Matt D'Agostini 20 1 2 2
4 Daultan Leveillé Jon Kalinski Robin Leblanc 10 1 2 2
5 vs 5 Defense
Defense Defense Time % Phy DF OF
1 Tim Gleason Doug Janik 40 1 2 2
2 Jeff Finger Derek Peltier 30 1 2 2
3 Joey Ryan Brett Festerling 20 1 2 2
4 David Fischer Kevin Montgomery 10 1 2 2
PowerPlay Forward
Center Left Wing Right Wing Time % Phy DF OF
1 Samuel Pahlsson Dany Roussin Adam Hall 60 1 2 2
2 Tom Pyatt Scott Parse Pierre-Alexandre Parentea40 1 2 2
PowerPlay Defense
Defense Defense Time % Phy DF OF
1 Tim Gleason Doug Janik 60 1 2 2
2 Jeff Finger Derek Peltier 40 1 2 2
Penalty Kill 4 Players Forward
Center Wing Time % Phy DF OF
1 Samuel Pahlsson Adam Hall 60 1 2 2
2 Dany Roussin Scott Parse 40 1 2 2
Penalty Kill 4 Players Defense
Defense Defense Time % Phy DF OF
1 Tim Gleason Doug Janik 60 1 2 2
2 Jeff Finger Derek Peltier 40 1 2 2
Penalty Kill - 3 Players Forward
Forward Time % Phy DF OF
1 Samuel Pahlsson 60 1 2 2
2 Adam Hall 40 1 2 2
Penalty Kill - 3 Players Defense
Defense Defense Time % Phy DF OF
1 Tim Gleason Doug Janik 60 1 2 2
2 Jeff Finger Derek Peltier 40 1 2 2
4 vs 4 Forward
Center Wing Time % Phy DF OF
1 Samuel Pahlsson Adam Hall 60 1 2 2
2 Dany Roussin Scott Parse 40 1 2 2
4 vs 4 Defense
Defense Defense Time % Phy DF OF
1 Tim Gleason Doug Janik 60 1 2 2
2 Jeff Finger Derek Peltier 40 1 2 2
Last Minutes Offensive
Center Left Wing Right Wing Defense Defense
Samuel Pahlsson Dany Roussin Adam Hall Tim Gleason Doug Janik
Last Minutes Defensive
Center Left Wing Right Wing Defense Defense
Samuel Pahlsson Dany Roussin Adam Hall Tim Gleason Doug Janik
Goaltenders
Starting : Ben Bishop
Backup : Devan Dubnyk
Extra Forwards
Normal : Matt D'Agostini, Robin Leblanc, Brandon Mashinter - PP : Matt D'Agostini, Robin Leblanc - PK : Brandon Mashinter
Extra Defensemen
Normal : Joey Ryan, Brett Festerling, David Fischer - PP : Joey Ryan - PK : Brett Festerling, David Fischer
Penalty Shots
Samuel Pahlsson, Adam Hall, Dany Roussin, Scott Parse, Pierre-Alexandre Parenteau
Saguenéens
5 vs 5 Forward
Center Left Wing Right Wing Time % Phy DF OF
1 Kyle Brodziak Evgeny Dadonov Tyler Kennedy 40 1 2 2
2 Marcus Johansson Joffrey Lupul David Moss 30 1 2 2
3 Brian Flynn Eric Tangradi David Laliberté 20 1 2 2
4 Petteri Wirtanen Bryan Bickell Rhett Rakhshani 10 1 2 2
5 vs 5 Defense
Defense Defense Time % Phy DF OF
1 Kris Russell Kevin Marshall 37 1 2 2
2 Derek Morris Brandon Burlon 33 1 2 2
3 Ian Cole Mike Sauer 20 1 2 2
4 Derek Morris Ian Cole 10 0 2 3
PowerPlay Forward
Center Left Wing Right Wing Time % Phy DF OF
1 Kyle Brodziak Evgeny Dadonov Tyler Kennedy 55 1 1 3
2 Marcus Johansson Joffrey Lupul David Moss 45 1 1 3
PowerPlay Defense
Defense Defense Time % Phy DF OF
1 Ian Cole Kevin Marshall 50 0 2 3
2 Derek Morris Kris Russell 50 0 2 3
Penalty Kill 4 Players Forward
Center Wing Time % Phy DF OF
1 Kyle Brodziak Tyler Kennedy 50 1 3 1
2 Petteri Wirtanen David Moss 50 1 3 1
Penalty Kill 4 Players Defense
Defense Defense Time % Phy DF OF
1 Derek Morris Kevin Marshall 50 1 3 1
2 Kris Russell Mike Sauer 50 1 3 1
Penalty Kill - 3 Players Forward
Forward Time % Phy DF OF
1 Kyle Brodziak 50 1 3 1
2 David Moss 50 1 3 1
Penalty Kill - 3 Players Defense
Defense Defense Time % Phy DF OF
1 Derek Morris Kevin Marshall 50 1 3 1
2 Kris Russell Mike Sauer 50 1 3 1
4 vs 4 Forward
Center Wing Time % Phy DF OF
1 Marcus Johansson Evgeny Dadonov 50 1 1 3
2 Kyle Brodziak Tyler Kennedy 50 1 2 2
4 vs 4 Defense
Defense Defense Time % Phy DF OF
1 Kris Russell Kevin Marshall 50 1 2 2
2 Derek Morris Ian Cole 50 1 2 2
Last Minutes Offensive
Center Left Wing Right Wing Defense Defense
Kyle Brodziak Evgeny Dadonov Tyler Kennedy Derek Morris Kris Russell
Last Minutes Defensive
Center Left Wing Right Wing Defense Defense
Kyle Brodziak Evgeny Dadonov Tyler Kennedy Derek Morris Kevin Marshall
Goaltenders
Starting : Harru Sateri
Backup : James Reimer
Extra Forwards
Normal : Bryan Bickell, Brian Flynn, Evgeny Dadonov - PP : Eric Tangradi, Bryan Bickell - PK : Joffrey Lupul
Extra Defensemen
Normal : Kris Russell, Ian Cole, Derek Morris - PP : Brandon Burlon - PK : Brandon Burlon, Ian Cole
Penalty Shots
Evgeny Dadonov, David Moss, Joffrey Lupul, Kyle Brodziak, Bryan Bickell
% Time on Ice - Thunder
Lines # - Real PCT - Wanted PCT - Time Play
Normal Forward
1 - 34% - 40% - 14:11
2 - 28% - 30% - 11:52
3 - 22% - 20% - 9:11
4 - 16% - 10% - 6:57
Normal Defense
1 - 41% - 40% - 17:27
2 - 27% - 30% - 11:30
3 - 22% - 20% - 9:21
4 - 9% - 10% - 3:53
PP Forward
1 - 54% - 60% - 3:14
2 - 46% - 40% - 2:43
PP Defense
1 - 59% - 60% - 3:32
2 - 41% - 40% - 2:25
PK Forward
1 - 79% - 60% - 9:25
2 - 21% - 40% - 2:27
PK Defense
1 - 59% - 60% - 6:58
2 - 41% - 40% - 4:54
PK3 Forward
1 - 0% - 60%
2 - 0% - 40%
PK3 Defense
1 - 0% - 60%
2 - 0% - 40%
44 Forward
1 - 74% - 60% - 3:41
2 - 26% - 40% - 1:19
44 Defense
1 - 64% - 60% - 3:11
2 - 36% - 40% - 1:49
Last Minute Offensive - 0:00
Last Minute Defensive - 0:00
Total
Forward - 65:00
Defense - 65:00
|
% Time on Ice - Saguenéens
Lines # - Real PCT - Wanted PCT - Time Play
Normal Forward
1 - 34% - 40% - 14:31
2 - 25% - 30% - 10:28
3 - 22% - 20% - 9:19
4 - 19% - 10% - 7:53
Normal Defense
1 - 39% - 37% - 16:33
2 - 36% - 33% - 15:09
3 - 20% - 20% - 8:22
4 - 5% - 10% - 2:07
PP Forward
1 - 56% - 55% - 6:37
2 - 44% - 45% - 5:15
PP Defense
1 - 51% - 50% - 6:06
2 - 49% - 50% - 5:46
PK Forward
1 - 57% - 50% - 3:23
2 - 43% - 50% - 2:34
PK Defense
1 - 41% - 50% - 2:25
2 - 59% - 50% - 3:32
PK3 Forward
1 - 50% - 50% - 1:00
2 - 50% - 50% - 0:59
PK3 Defense
1 - 59% - 50% - 1:10
2 - 41% - 50% - 0:49
44 Forward
1 - 69% - 50% - 2:04
2 - 31% - 50% - 0:57
44 Defense
1 - 73% - 50% - 2:13
2 - 27% - 50% - 0:48
Last Minute Offensive - 0:00
Last Minute Defensive - 0:00
Total
Forward - 65:00
Defense - 65:00
|
Play by Play
1st period
0:01 of 1st period - Kyle Brodziak wins face-off versus Samuel Pahlsson in neutral zone.
0:33 of 1st period - Snap shot by Brian Flynn.
0:33 of 1st period - Shot Blocked by Tim Gleason.
0:35 of 1st period - Wrist shot by Brian Flynn.
0:35 of 1st period - Shot Blocked by Tim Gleason.
0:49 of 1st period - Wrist shot by Adam Hall.
0:49 of 1st period - Stopped by Harru Sateri with a rebound.
0:51 of 1st period - Slapshot by Tom Pyatt.
0:51 of 1st period - Shot Blocked by Brandon Burlon.
0:53 of 1st period - Snap shot by Pierre-Alexandre Parenteau.
0:53 of 1st period - Stopped by Harru Sateri with a rebound.
0:55 of 1st period - Slapshot by Tom Pyatt.
0:55 of 1st period - Stopped by Harru Sateri without a rebound.
0:56 of 1st period - Petteri Wirtanen wins face-off versus Tom Pyatt in Saguenéens zone.
1:33 of 1st period - Mike Sauer is hit by Pierre-Alexandre Parenteau and loses puck.
1:45 of 1st period - Off-side.
1:46 of 1st period - Kyle Brodziak wins face-off versus Brandon Mashinter in neutral zone.
2:01 of 1st period - Snap shot by Tyler Kennedy.
2:01 of 1st period - Shot Blocked by Derek Peltier.
2:13 of 1st period - Derek Peltier is hit by Derek Morris and loses puck.
2:38 of 1st period - Wrist shot by Adam Hall.
2:38 of 1st period - Deflect By Dany Roussin.
2:38 of 1st period - Shot Blocked by Kris Russell.
2:38 of 1st period - Puck is out of play.
2:39 of 1st period - Kyle Brodziak wins face-off versus Samuel Pahlsson in Saguenéens zone.
2:48 of 1st period - Slapshot by Tyler Kennedy.
2:48 of 1st period - Shot Misses the Net.
3:55 of 1st period - Snap shot by Rhett Rakhshani.
3:55 of 1st period - Goal by Rhett Rakhshani - Thunder : 0 - Saguenéens : 1.
3:56 of 1st period - Kyle Brodziak wins face-off versus Samuel Pahlsson in neutral zone.
3:59 of 1st period - Doug Janik is hit by Kyle Brodziak and loses puck.
4:06 of 1st period - Snap shot by Adam Hall.
4:06 of 1st period - Deflect By Samuel Pahlsson.
4:06 of 1st period - Stopped by Harru Sateri with a rebound.
4:08 of 1st period - Slapshot by Dany Roussin.
4:08 of 1st period - Shot Misses the Net.
4:43 of 1st period - Eric Tangradi is hit by Joey Ryan.
4:59 of 1st period - Snap shot by Scott Parse.
4:59 of 1st period - Shot Blocked by Mike Sauer.
5:01 of 1st period - Snap shot by Tom Pyatt.
5:01 of 1st period - Shot Misses the Net.
5:47 of 1st period - David Moss is hit by Daultan Leveillé and loses puck.
6:04 of 1st period - Derek Peltier is hit by Eric Tangradi and loses puck.
6:50 of 1st period - Minor Penalty to Rhett Rakhshani for Holding.
6:51 of 1st period - Samuel Pahlsson wins face-off versus Kyle Brodziak in Saguenéens zone.
7:51 of 1st period - Jeff Finger is hit by Kevin Marshall.
8:50 of 1st period - Penalty to Rhett Rakhshani is over, Rhett Rakhshani is back on ice.
9:09 of 1st period - Derek Peltier is hit by Bryan Bickell and loses puck.
9:29 of 1st period - Robin Leblanc is hit by David Laliberté and loses puck.
10:08 of 1st period - Kevin Montgomery is hit by Derek Morris and loses puck.
10:31 of 1st period - David Moss is hit by Tom Pyatt and loses puck.
11:27 of 1st period - Snap shot by Pierre-Alexandre Parenteau.
11:27 of 1st period - Shot Blocked by Mike Sauer.
11:41 of 1st period - Samuel Pahlsson is hit by David Moss and loses puck.
12:29 of 1st period - Bryan Bickell is hit by Robin Leblanc and loses puck.
12:58 of 1st period - Wrist shot by Robin Leblanc.
12:58 of 1st period - Shot Misses the Net.
13:20 of 1st period - Brandon Burlon is hit by Robin Leblanc and loses puck.
13:29 of 1st period - Rhett Rakhshani is hit by Daultan Leveillé and loses puck.
13:46 of 1st period - Jeff Finger is hit by Bryan Bickell and loses puck.
13:57 of 1st period - Snap shot by Bryan Bickell.
13:57 of 1st period - Shot Misses the Net.
14:15 of 1st period - Wrist shot by Robin Leblanc.
14:15 of 1st period - Stopped by Harru Sateri without a rebound.
14:16 of 1st period - Samuel Pahlsson wins face-off versus Kyle Brodziak in Saguenéens zone.
14:32 of 1st period - Icing by Evgeny Dadonov.
14:33 of 1st period - Kyle Brodziak wins face-off versus Tom Pyatt in Saguenéens zone.
14:38 of 1st period - Doug Janik is hit by Kevin Marshall and loses puck.
14:55 of 1st period - Wrist shot by Kyle Brodziak.
14:55 of 1st period - Stopped by Ben Bishop with a rebound.
14:57 of 1st period - Wrist shot by Evgeny Dadonov.
14:57 of 1st period - Shot Hit the Post.
14:59 of 1st period - Snap shot by Kyle Brodziak.
14:59 of 1st period - Stopped by Ben Bishop with a rebound.
15:01 of 1st period - Wrist shot by Kyle Brodziak.
15:01 of 1st period - Deflect By Tyler Kennedy.
15:01 of 1st period - Stopped by Ben Bishop with a rebound.
15:03 of 1st period - Slapshot by Kevin Marshall.
15:03 of 1st period - Stopped by Ben Bishop without a rebound.
15:04 of 1st period - Marcus Johansson wins face-off versus Samuel Pahlsson in Thunder zone.
15:31 of 1st period - Icing by Brandon Mashinter.
15:32 of 1st period - Brian Flynn wins face-off versus Brandon Mashinter in Thunder zone.
15:35 of 1st period - Snap shot by David Laliberté.
15:35 of 1st period - Stopped by Ben Bishop with a rebound.
15:43 of 1st period - Wrist shot by Matt D'Agostini.
15:43 of 1st period - Stopped by Harru Sateri without a rebound.
15:44 of 1st period - Samuel Pahlsson wins face-off versus Marcus Johansson in Saguenéens zone.
15:45 of 1st period - Snap shot by Adam Hall.
15:45 of 1st period - Stopped by Harru Sateri with a rebound.
16:06 of 1st period - David Moss is hit by Dany Roussin and loses puck.
16:14 of 1st period - Snap shot by Brandon Burlon.
16:14 of 1st period - Stopped by Ben Bishop with a rebound.
16:54 of 1st period - Wrist shot by David Moss.
16:54 of 1st period - Shot Misses the Net.
16:56 of 1st period - Snap shot by Brandon Burlon.
16:56 of 1st period - Stopped by Ben Bishop without a rebound.
16:57 of 1st period - Kyle Brodziak wins face-off versus Tom Pyatt in Thunder zone.
17:05 of 1st period - Off-side.
17:06 of 1st period - Kyle Brodziak wins face-off versus Tom Pyatt in neutral zone.
17:19 of 1st period - Wrist shot by Tyler Kennedy.
17:19 of 1st period - Deflect By Evgeny Dadonov.
17:19 of 1st period - Shot Blocked by Jeff Finger.
17:19 of 1st period - Puck is out of play.
17:20 of 1st period - Kyle Brodziak wins face-off versus Tom Pyatt in Thunder zone.
17:21 of 1st period - Slapshot by Tyler Kennedy.
17:21 of 1st period - Stopped by Ben Bishop with a rebound.
17:41 of 1st period - Minor Penalty to Derek Peltier for Tripping.
17:42 of 1st period - Kyle Brodziak wins face-off versus Samuel Pahlsson in Thunder zone.
19:41 of 1st period - Penalty to Derek Peltier is over, Derek Peltier is back on ice.
19:42 of 1st period - Slapshot by Derek Morris.
19:42 of 1st period - Shot Blocked by Derek Peltier.
19:44 of 1st period - Wrist shot by David Laliberté.
19:44 of 1st period - Stopped by Ben Bishop with a rebound.
19:50 of 1st period - Slapshot by Derek Morris.
19:50 of 1st period - Shot Misses the Net.
19:56 of 1st period - Snap shot by Adam Hall.
19:56 of 1st period - Deflect By Samuel Pahlsson.
19:56 of 1st period - Shot Misses the Net.
19:56 of 1st period - Puck is out of play.
19:57 of 1st period - Brian Flynn wins face-off versus Tom Pyatt in Saguenéens zone.
Goals for this period are 0 for Thunder vs 1 for Saguenéens.
Shots for this period are 7 for Thunder vs 10 for Saguenéens.
2nd period
0:01 of 2nd period - Kyle Brodziak wins face-off versus Samuel Pahlsson in neutral zone.
0:10 of 2nd period - Wrist shot by Tyler Kennedy.
0:10 of 2nd period - Shot Misses the Net.
0:12 of 2nd period - Snap shot by Evgeny Dadonov.
0:12 of 2nd period - Shot Blocked by Dany Roussin.
0:14 of 2nd period - Wrist shot by Evgeny Dadonov.
0:14 of 2nd period - Stopped by Ben Bishop without a rebound.
0:15 of 2nd period - Marcus Johansson wins face-off versus Tom Pyatt in Thunder zone.
0:27 of 2nd period - Wrist shot by Tom Pyatt.
0:27 of 2nd period - Shot Misses the Net.
0:29 of 2nd period - Slapshot by Doug Janik.
0:29 of 2nd period - Stopped by Harru Sateri without a rebound.
0:30 of 2nd period - Kyle Brodziak wins face-off versus Samuel Pahlsson in Saguenéens zone.
0:55 of 2nd period - Joffrey Lupul is hit by Scott Parse and loses puck.
1:02 of 2nd period - Wrist shot by Tom Pyatt.
1:02 of 2nd period - Shot Misses the Net.
1:22 of 2nd period - Snap shot by Rhett Rakhshani.
1:22 of 2nd period - Stopped by Ben Bishop with a rebound.
1:24 of 2nd period - Slapshot by Derek Morris.
1:24 of 2nd period - Deflect By Petteri Wirtanen.
1:24 of 2nd period - Deflect By Brett Festerling.
1:24 of 2nd period - Shot Misses the Net.
1:24 of 2nd period - Puck is out of play.
1:25 of 2nd period - Dany Roussin wins face-off versus Kyle Brodziak in Thunder zone.
1:25 of 2nd period - Dany Roussin is hit by Evgeny Dadonov.
2:38 of 2nd period - Wrist shot by Evgeny Dadonov.
2:38 of 2nd period - Stopped by Ben Bishop with a rebound.
2:40 of 2nd period - Snap shot by Tyler Kennedy.
2:40 of 2nd period - Stopped by Ben Bishop with a rebound.
2:55 of 2nd period - Minor Penalty to Rhett Rakhshani for Boarding.
2:56 of 2nd period - Petteri Wirtanen wins face-off versus Dany Roussin in Saguenéens zone.
3:10 of 2nd period - Snap shot by Adam Hall.
3:10 of 2nd period - Shot Misses the Net.
3:12 of 2nd period - Snap shot by Doug Janik.
3:12 of 2nd period - Stopped by Harru Sateri with a rebound.
4:55 of 2nd period - Penalty to Rhett Rakhshani is over, Rhett Rakhshani is back on ice.
5:00 of 2nd period - Derek Morris is hit by Tim Gleason and loses puck.
5:30 of 2nd period - Ian Cole is hit by Joey Ryan and loses puck.
6:04 of 2nd period - Icing by Jeff Finger.
6:05 of 2nd period - Brandon Mashinter wins face-off versus Petteri Wirtanen in Thunder zone.
6:15 of 2nd period - Minor Penalty to Dany Roussin for Tripping.
6:16 of 2nd period - Samuel Pahlsson wins face-off versus Kyle Brodziak in Thunder zone.
6:27 of 2nd period - Doug Janik is hit by Kris Russell and loses puck.
8:15 of 2nd period - Penalty to Dany Roussin is over, Dany Roussin is back on ice.
8:29 of 2nd period - Petteri Wirtanen is hit by Robin Leblanc and loses puck.
9:02 of 2nd period - Wrist shot by Brandon Mashinter.
9:02 of 2nd period - Shot Misses the Net.
9:04 of 2nd period - Snap shot by Matt D'Agostini.
9:04 of 2nd period - Stopped by Harru Sateri with a rebound.
9:06 of 2nd period - Slapshot by David Fischer.
9:06 of 2nd period - Shot Blocked by Brian Flynn.
9:08 of 2nd period - Wrist shot by Brandon Mashinter.
9:08 of 2nd period - Deflect By Matt D'Agostini.
9:08 of 2nd period - Goal by Matt D'Agostini - Thunder : 1 - Saguenéens : 1.
9:09 of 2nd period - Joffrey Lupul wins face-off versus Samuel Pahlsson in neutral zone.
9:55 of 2nd period - Slapshot by Doug Janik.
9:55 of 2nd period - Stopped by Harru Sateri with a rebound.
10:16 of 2nd period - Off-side.
10:17 of 2nd period - Marcus Johansson wins face-off versus Daultan Leveillé in neutral zone.
10:42 of 2nd period - Snap shot by Tyler Kennedy.
10:42 of 2nd period - Shot Misses the Net.
10:49 of 2nd period - Minor Penalty to Adam Hall for Tripping.
10:50 of 2nd period - Samuel Pahlsson wins face-off versus Kyle Brodziak in Thunder zone.
11:00 of 2nd period - Slapshot by Doug Janik.
11:00 of 2nd period - Shot Blocked by Evgeny Dadonov.
11:02 of 2nd period - Snap shot by Tim Gleason.
11:02 of 2nd period - Shot Misses the Net.
11:04 of 2nd period - Slapshot by Doug Janik.
11:04 of 2nd period - Deflect By Samuel Pahlsson.
11:04 of 2nd period - Shot Misses the Net.
11:04 of 2nd period - Puck is out of play.
11:05 of 2nd period - Samuel Pahlsson wins face-off versus Marcus Johansson in Saguenéens zone.
11:08 of 2nd period - Wrist shot by Samuel Pahlsson.
11:08 of 2nd period - Stopped by Harru Sateri without a rebound.
11:09 of 2nd period - Samuel Pahlsson wins face-off versus Marcus Johansson in Saguenéens zone.
11:12 of 2nd period - Snap shot by Samuel Pahlsson.
11:12 of 2nd period - Stopped by Harru Sateri with a rebound.
12:49 of 2nd period - Penalty to Adam Hall is over, Adam Hall is back on ice.
13:10 of 2nd period - Backhand shot by Derek Morris.
13:10 of 2nd period - Stopped by Ben Bishop with a rebound.
13:12 of 2nd period - Wrist shot by David Laliberté.
13:12 of 2nd period - Stopped by Ben Bishop without a rebound.
13:13 of 2nd period - Brandon Mashinter wins face-off versus Petteri Wirtanen in Thunder zone.
13:13 of 2nd period - Brandon Mashinter is hit by Mike Sauer.
14:04 of 2nd period - Snap shot by Tom Pyatt.
14:04 of 2nd period - Stopped by Harru Sateri without a rebound.
14:05 of 2nd period - Kyle Brodziak wins face-off versus Tom Pyatt in Saguenéens zone.
14:17 of 2nd period - Snap shot by Tyler Kennedy.
14:17 of 2nd period - Stopped by Ben Bishop with a rebound.
14:19 of 2nd period - Wrist shot by Kyle Brodziak.
14:19 of 2nd period - Shot Misses the Net.
14:21 of 2nd period - Snap shot by Evgeny Dadonov.
14:21 of 2nd period - Shot Misses the Net.
14:39 of 2nd period - Slapshot by Doug Janik.
14:39 of 2nd period - Stopped by Harru Sateri without a rebound.
14:40 of 2nd period - Samuel Pahlsson wins face-off versus Marcus Johansson in Saguenéens zone.
14:47 of 2nd period - Slapshot by Samuel Pahlsson.
14:47 of 2nd period - Shot Misses the Net.
14:49 of 2nd period - Snap shot by Jeff Finger.
14:49 of 2nd period - Stopped by Harru Sateri with a rebound.
14:51 of 2nd period - Slapshot by Samuel Pahlsson.
14:51 of 2nd period - Shot Misses the Net.
14:53 of 2nd period - Wrist shot by Dany Roussin.
14:53 of 2nd period - Goal by Dany Roussin - Thunder : 2 - Saguenéens : 1.
14:54 of 2nd period - Samuel Pahlsson wins face-off versus Kyle Brodziak in neutral zone.
15:38 of 2nd period - Icing by Kevin Marshall.
15:39 of 2nd period - Brian Flynn wins face-off versus Brandon Mashinter in Saguenéens zone.
15:46 of 2nd period - Slapshot by Matt D'Agostini.
15:46 of 2nd period - Shot Misses the Net.
15:48 of 2nd period - Snap shot by Matt D'Agostini.
15:48 of 2nd period - Stopped by Harru Sateri with a rebound.
15:50 of 2nd period - Wrist shot by Matt D'Agostini.
15:50 of 2nd period - Shot Misses the Net.
15:52 of 2nd period - Slapshot by Derek Peltier.
15:52 of 2nd period - Shot Blocked by Kris Russell.
15:54 of 2nd period - Slapshot by Jeff Finger.
15:54 of 2nd period - Deflect By Brandon Mashinter.
15:54 of 2nd period - Shot Misses the Net.
15:54 of 2nd period - Puck is out of play.
15:55 of 2nd period - Kyle Brodziak wins face-off versus Samuel Pahlsson in Saguenéens zone.
15:59 of 2nd period - Off-side.
16:00 of 2nd period - Kyle Brodziak wins face-off versus Samuel Pahlsson in neutral zone.
16:09 of 2nd period - Samuel Pahlsson is hit by Tyler Kennedy and loses puck.
16:36 of 2nd period - Wrist shot by Matt D'Agostini.
16:36 of 2nd period - Shot Blocked by Derek Morris.
17:04 of 2nd period - Minor Penalty to Tom Pyatt for High sticking.
17:05 of 2nd period - Marcus Johansson wins face-off versus Samuel Pahlsson in Thunder zone.
17:13 of 2nd period - Wrist shot by Marcus Johansson.
17:13 of 2nd period - Goal by Marcus Johansson - Thunder : 2 - Saguenéens : 2.
17:14 of 2nd period - Samuel Pahlsson wins face-off versus Marcus Johansson in neutral zone.
17:14 of 2nd period - Samuel Pahlsson is hit by Joffrey Lupul.
17:28 of 2nd period - Snap shot by Dany Roussin.
17:28 of 2nd period - Shot Blocked by Marcus Johansson.
17:40 of 2nd period - Kyle Brodziak is hit by Jeff Finger and loses puck.
17:47 of 2nd period - Wrist shot by Pierre-Alexandre Parenteau.
17:47 of 2nd period - Goal by Pierre-Alexandre Parenteau - Thunder : 3 - Saguenéens : 2.
17:48 of 2nd period - Dany Roussin wins face-off versus Kyle Brodziak in neutral zone.
17:50 of 2nd period - Off-side.
17:51 of 2nd period - Kyle Brodziak wins face-off versus Samuel Pahlsson in neutral zone.
17:56 of 2nd period - Slapshot by Evgeny Dadonov.
17:56 of 2nd period - Stopped by Ben Bishop with a rebound.
18:04 of 2nd period - Wrist shot by Adam Hall.
18:04 of 2nd period - Shot Misses the Net.
18:06 of 2nd period - Wrist shot by Doug Janik.
18:06 of 2nd period - Stopped by Harru Sateri with a rebound.
18:20 of 2nd period - Kevin Marshall is hit by Tim Gleason and loses puck.
19:19 of 2nd period - Wrist shot by Pierre-Alexandre Parenteau.
19:19 of 2nd period - Shot Misses the Net.
19:21 of 2nd period - Snap shot by Scott Parse.
19:21 of 2nd period - Stopped by Harru Sateri without a rebound.
19:22 of 2nd period - Kyle Brodziak wins face-off versus Tom Pyatt in Saguenéens zone.
19:35 of 2nd period - Slapshot by Evgeny Dadonov.
19:35 of 2nd period - Shot Misses the Net.
19:37 of 2nd period - Slapshot by Tyler Kennedy.
19:37 of 2nd period - Shot Blocked by Tom Pyatt.
19:55 of 2nd period - Snap shot by David Moss.
19:55 of 2nd period - Stopped by Ben Bishop without a rebound.
19:56 of 2nd period - Samuel Pahlsson wins face-off versus Kyle Brodziak in Thunder zone.
19:58 of 2nd period - Minor Penalty to Derek Peltier for Holding.
19:59 of 2nd period - Adam Hall wins face-off versus Kyle Brodziak in Thunder zone.
Goals for this period are 3 for Thunder vs 1 for Saguenéens.
Shots for this period are 15 for Thunder vs 10 for Saguenéens.
3rd period
0:01 of 3rd period - Samuel Pahlsson wins face-off versus Kyle Brodziak in neutral zone.
0:13 of 3rd period - Snap shot by Kyle Brodziak.
0:13 of 3rd period - Shot Blocked by Doug Janik.
0:15 of 3rd period - Snap shot by Tyler Kennedy.
0:15 of 3rd period - Stopped by Ben Bishop without a rebound.
0:16 of 3rd period - Samuel Pahlsson wins face-off versus Marcus Johansson in Thunder zone.
0:29 of 3rd period - Wrist shot by David Moss.
0:29 of 3rd period - Shot Blocked by Tim Gleason.
1:32 of 3rd period - Brett Festerling is hit by Ian Cole and loses puck.
1:58 of 3rd period - Penalty to Derek Peltier is over, Derek Peltier is back on ice.
2:07 of 3rd period - Icing by Brandon Mashinter.
2:08 of 3rd period - Brandon Mashinter wins face-off versus Brian Flynn in Thunder zone.
2:41 of 3rd period - Slapshot by Jeff Finger.
2:41 of 3rd period - Deflect By Daultan Leveillé.
2:41 of 3rd period - Shot Blocked by Derek Morris.
2:41 of 3rd period - Puck is out of play.
2:42 of 3rd period - Tom Pyatt wins face-off versus Kyle Brodziak in Saguenéens zone.
2:45 of 3rd period - Wrist shot by Scott Parse.
2:45 of 3rd period - Shot Blocked by Kevin Marshall.
2:55 of 3rd period - Snap shot by Tyler Kennedy.
2:55 of 3rd period - Stopped by Ben Bishop with a rebound.
2:57 of 3rd period - Snap shot by Tyler Kennedy.
2:57 of 3rd period - Shot Hit the Post.
3:03 of 3rd period - Minor Penalty to Scott Parse for Tripping.
3:04 of 3rd period - Samuel Pahlsson wins face-off versus Kyle Brodziak in Thunder zone.
3:19 of 3rd period - Slapshot by Adam Hall.
3:19 of 3rd period - Stopped by Harru Sateri without a rebound.
3:20 of 3rd period - Adam Hall wins face-off versus Marcus Johansson in Saguenéens zone.
3:49 of 3rd period - Off-side.
3:50 of 3rd period - Dany Roussin wins face-off versus Kyle Brodziak in neutral zone.
3:59 of 3rd period - Slapshot by Jeff Finger.
3:59 of 3rd period - Deflect By Evgeny Dadonov.
3:59 of 3rd period - Stopped by Harru Sateri with a rebound.
4:07 of 3rd period - Slapshot by Derek Morris.
4:07 of 3rd period - Stopped by Ben Bishop with a rebound.
4:31 of 3rd period - Backhand shot by Evgeny Dadonov.
4:31 of 3rd period - Shot Misses the Net.
4:33 of 3rd period - Slapshot by Ian Cole.
4:33 of 3rd period - Shot Blocked by Adam Hall.
4:35 of 3rd period - Wrist shot by Evgeny Dadonov.
4:35 of 3rd period - Goal by Evgeny Dadonov - Thunder : 3 - Saguenéens : 3.
4:36 of 3rd period - Samuel Pahlsson wins face-off versus Marcus Johansson in neutral zone.
5:03 of 3rd period - David Laliberté is hit by Tom Pyatt and loses puck.
5:54 of 3rd period - Snap shot by Daultan Leveillé.
5:54 of 3rd period - Deflect By Robin Leblanc.
5:54 of 3rd period - Stopped by Harru Sateri without a rebound.
5:55 of 3rd period - Kyle Brodziak wins face-off versus Samuel Pahlsson in Saguenéens zone.
6:26 of 3rd period - Snap shot by Kris Russell.
6:26 of 3rd period - Stopped by Ben Bishop without a rebound.
6:27 of 3rd period - Tom Pyatt wins face-off versus Kyle Brodziak in Thunder zone.
6:33 of 3rd period - Minor Penalty to Tom Pyatt for High sticking.
6:34 of 3rd period - Kyle Brodziak wins face-off versus Samuel Pahlsson in Thunder zone.
6:47 of 3rd period - Slapshot by Kyle Brodziak.
6:47 of 3rd period - Stopped by Ben Bishop with a rebound.
6:49 of 3rd period - Snap shot by Tyler Kennedy.
6:49 of 3rd period - Goal by Tyler Kennedy - Thunder : 3 - Saguenéens : 4.
6:50 of 3rd period - Evgeny Dadonov wins face-off versus Samuel Pahlsson in neutral zone.
6:53 of 3rd period - Slapshot by Ian Cole.
6:53 of 3rd period - Shot Misses the Net.
7:39 of 3rd period - Snap shot by Jeff Finger.
7:39 of 3rd period - Deflect By Matt D'Agostini.
7:39 of 3rd period - Goal by Matt D'Agostini - Thunder : 4 - Saguenéens : 4.
7:40 of 3rd period - Samuel Pahlsson wins face-off versus Kyle Brodziak in neutral zone.
7:42 of 3rd period - Off-side.
7:43 of 3rd period - Kyle Brodziak wins face-off versus Samuel Pahlsson in neutral zone.
7:52 of 3rd period - Snap shot by Tyler Kennedy.
7:52 of 3rd period - Stopped by Ben Bishop with a rebound.
7:54 of 3rd period - Wrist shot by Kris Russell.
7:54 of 3rd period - Deflect By Tyler Kennedy.
7:54 of 3rd period - Stopped by Ben Bishop without a rebound.
7:55 of 3rd period - Kyle Brodziak wins face-off versus Samuel Pahlsson in Thunder zone.
7:58 of 3rd period - Slapshot by Evgeny Dadonov.
7:58 of 3rd period - Shot Misses the Net.
8:00 of 3rd period - Snap shot by Evgeny Dadonov.
8:00 of 3rd period - Shot Misses the Net.
8:28 of 3rd period - Minor Penalty to Brian Flynn for Roughing.
8:29 of 3rd period - Petteri Wirtanen wins face-off versus Tom Pyatt in Saguenéens zone.
8:37 of 3rd period - Slapshot by Tim Gleason.
8:37 of 3rd period - Stopped by Harru Sateri with a rebound.
8:39 of 3rd period - Snap shot by Doug Janik.
8:39 of 3rd period - Shot Misses the Net.
8:41 of 3rd period - Slapshot by Tim Gleason.
8:41 of 3rd period - Shot Misses the Net.
8:45 of 3rd period - Snap shot by Tim Gleason.
8:45 of 3rd period - Deflect By Tom Pyatt.
8:45 of 3rd period - Shot Misses the Net.
8:45 of 3rd period - Puck is out of play.
8:46 of 3rd period - Petteri Wirtanen wins face-off versus Samuel Pahlsson in Saguenéens zone.
8:51 of 3rd period - Slapshot by Adam Hall.
8:51 of 3rd period - Shot Blocked by Petteri Wirtanen.
8:53 of 3rd period - Wrist shot by Dany Roussin.
8:53 of 3rd period - Stopped by Harru Sateri with a rebound.
10:28 of 3rd period - Penalty to Brian Flynn is over, Brian Flynn is back on ice.
11:11 of 3rd period - Wrist shot by Brandon Mashinter.
11:11 of 3rd period - Shot Misses the Net.
11:17 of 3rd period - Snap shot by Matt D'Agostini.
11:17 of 3rd period - Stopped by Harru Sateri without a rebound.
11:18 of 3rd period - Marcus Johansson wins face-off versus Tom Pyatt in Saguenéens zone.
11:18 of 3rd period - Marcus Johansson is hit by Derek Peltier.
11:30 of 3rd period - Wrist shot by Tom Pyatt.
11:30 of 3rd period - Stopped by Harru Sateri with a rebound.
11:32 of 3rd period - Wrist shot by Tom Pyatt.
11:32 of 3rd period - Shot Blocked by Derek Morris.
11:34 of 3rd period - Snap shot by Scott Parse.
11:34 of 3rd period - Stopped by Harru Sateri without a rebound.
11:35 of 3rd period - Samuel Pahlsson wins face-off versus Petteri Wirtanen in Saguenéens zone.
11:40 of 3rd period - Snap shot by Adam Hall.
11:40 of 3rd period - Stopped by Harru Sateri with a rebound.
11:56 of 3rd period - Minor Penalty to Samuel Pahlsson for Interference.
11:57 of 3rd period - Marcus Johansson wins face-off versus Brandon Mashinter in Thunder zone.
12:10 of 3rd period - Snap shot by Joffrey Lupul.
12:10 of 3rd period - Stopped by Ben Bishop without a rebound.
12:11 of 3rd period - Marcus Johansson wins face-off versus Brandon Mashinter in Thunder zone.
12:39 of 3rd period - Off-side.
12:40 of 3rd period - Kyle Brodziak wins face-off versus Tom Pyatt in neutral zone.
12:45 of 3rd period - Jeff Finger is hit by Tyler Kennedy and loses puck.
13:14 of 3rd period - Wrist shot by Kyle Brodziak.
13:14 of 3rd period - Stopped by Ben Bishop with a rebound.
13:16 of 3rd period - Snap shot by Kyle Brodziak.
13:16 of 3rd period - Stopped by Ben Bishop without a rebound.
13:17 of 3rd period - Dany Roussin wins face-off versus Marcus Johansson in Thunder zone.
13:44 of 3rd period - Tim Gleason is hit by Tyler Kennedy and loses puck.
13:56 of 3rd period - Penalty to Samuel Pahlsson is over, Samuel Pahlsson is back on ice.
14:25 of 3rd period - Icing by Scott Parse.
14:26 of 3rd period - Tom Pyatt wins face-off versus Petteri Wirtanen in Thunder zone.
14:51 of 3rd period - Bryan Bickell is hit by Jeff Finger and loses puck.
15:51 of 3rd period - Off-side.
15:52 of 3rd period - Tom Pyatt wins face-off versus David Moss in neutral zone.
15:55 of 3rd period - Slapshot by Jeff Finger.
15:55 of 3rd period - Stopped by Harru Sateri without a rebound.
15:56 of 3rd period - Tom Pyatt wins face-off versus Marcus Johansson in Saguenéens zone.
16:07 of 3rd period - Wrist shot by Pierre-Alexandre Parenteau.
16:07 of 3rd period - Shot Blocked by Kris Russell.
16:09 of 3rd period - Slapshot by Jeff Finger.
16:09 of 3rd period - Deflect By Marcus Johansson.
16:09 of 3rd period - Stopped by Harru Sateri without a rebound.
16:10 of 3rd period - Brandon Mashinter wins face-off versus Brian Flynn in Saguenéens zone.
16:11 of 3rd period - Wrist shot by Matt D'Agostini.
16:11 of 3rd period - Stopped by Harru Sateri without a rebound.
16:12 of 3rd period - Brandon Mashinter wins face-off versus Brian Flynn in Saguenéens zone.
16:23 of 3rd period - Backhand shot by Doug Janik.
16:23 of 3rd period - Shot Blocked by Eric Tangradi.
16:37 of 3rd period - Kevin Marshall is hit by Adam Hall and loses puck.
17:38 of 3rd period - Brandon Burlon is hit by Matt D'Agostini.
18:18 of 3rd period - Dany Roussin is hit by Kevin Marshall and loses puck.
18:27 of 3rd period - Slapshot by David Moss.
18:27 of 3rd period - Deflect By Joffrey Lupul.
18:27 of 3rd period - Stopped by Ben Bishop without a rebound.
18:28 of 3rd period - Brian Flynn wins face-off versus Brandon Mashinter in Thunder zone.
18:29 of 3rd period - Wrist shot by David Laliberté.
18:29 of 3rd period - Shot Misses the Net.
18:53 of 3rd period - Ian Cole is hit by Pierre-Alexandre Parenteau and loses puck.
19:02 of 3rd period - Snap shot by Kyle Brodziak.
19:02 of 3rd period - Shot Misses the Net.
19:22 of 3rd period - Icing by Kris Russell.
19:23 of 3rd period - Tom Pyatt wins face-off versus Kyle Brodziak in Saguenéens zone.
Goals for this period are 1 for Thunder vs 2 for Saguenéens.
Shots for this period are 13 for Thunder vs 13 for Saguenéens.
Overtime #1
0:01 of 1st overtime period - Samuel Pahlsson wins face-off versus Marcus Johansson in neutral zone.
0:06 of 1st overtime period - Slapshot by Tim Gleason.
0:06 of 1st overtime period - Shot Misses the Net.
0:08 of 1st overtime period - Snap shot by Adam Hall.
0:08 of 1st overtime period - Deflect By Samuel Pahlsson.
0:08 of 1st overtime period - Shot Misses the Net.
0:08 of 1st overtime period - Puck is out of play.
0:09 of 1st overtime period - Samuel Pahlsson wins face-off versus Evgeny Dadonov in Saguenéens zone.
0:18 of 1st overtime period - Snap shot by Samuel Pahlsson.
0:18 of 1st overtime period - Shot Blocked by Evgeny Dadonov.
0:20 of 1st overtime period - Snap shot by Adam Hall.
0:20 of 1st overtime period - Shot Hit the Post.
0:43 of 1st overtime period - Icing by Kevin Marshall.
0:44 of 1st overtime period - Marcus Johansson wins face-off versus Samuel Pahlsson in Saguenéens zone.
0:53 of 1st overtime period - Derek Peltier is hit by Evgeny Dadonov.
1:55 of 1st overtime period - Off-side.
1:56 of 1st overtime period - Samuel Pahlsson wins face-off versus Bryan Bickell in neutral zone.
2:38 of 1st overtime period - Minor Penalty to Marcus Johansson for Holding.
2:39 of 1st overtime period - David Moss wins face-off versus Samuel Pahlsson in Saguenéens zone.
3:14 of 1st overtime period - Slapshot by Doug Janik.
3:14 of 1st overtime period - Stopped by Harru Sateri without a rebound.
3:15 of 1st overtime period - Kyle Brodziak wins face-off versus Dany Roussin in Saguenéens zone.
3:26 of 1st overtime period - Wrist shot by Dany Roussin.
3:26 of 1st overtime period - Stopped by Harru Sateri with a rebound.
4:06 of 1st overtime period - Kris Russell is hit by Doug Janik and loses puck.
4:11 of 1st overtime period - Wrist shot by Robin Leblanc.
4:11 of 1st overtime period - Stopped by Harru Sateri with a rebound.
4:33 of 1st overtime period - Derek Morris is hit by Tim Gleason and loses puck.
4:38 of 1st overtime period - Penalty to Marcus Johansson is over, Marcus Johansson is back on ice.
Goals for this period are 0 for Thunder vs 0 for Saguenéens.
Shots for this period are 3 for Thunder vs 0 for Saguenéens.
ShootOut
5:00 of 1st overtime period - Penalty Shot by Samuel Pahlsson for Thunder.
5:00 of 1st overtime period - Deke by Samuel Pahlsson.
5:00 of 1st overtime period - Stopped by Harru Sateri.
5:00 of 1st overtime period - Penalty Shot by Evgeny Dadonov for Saguenéens.
5:00 of 1st overtime period - Wrist shot by Evgeny Dadonov.
5:00 of 1st overtime period - Goal by Evgeny Dadonov.
5:00 of 1st overtime period - Penalty Shot by Adam Hall for Thunder.
5:00 of 1st overtime period - Snap shot by Adam Hall.
5:00 of 1st overtime period - Stopped by Harru Sateri.
5:00 of 1st overtime period - Penalty Shot by David Moss for Saguenéens.
5:00 of 1st overtime period - Wrist shot by David Moss.
5:00 of 1st overtime period - Stopped by Ben Bishop.
5:00 of 1st overtime period - Penalty Shot by Dany Roussin for Thunder.
5:00 of 1st overtime period - Snap shot by Dany Roussin.
5:00 of 1st overtime period - Stopped by Harru Sateri.
Output by the SimonT Hockey Simulator (STHS) for François Prévost -- Original Page W3C XHTML 1.0 Valid